 Dungeon Crawl Stone Soup version 0.26-a0-672-g1df16c3386 (webtiles) character file.

Game seed: 5239475807589379481

48578 robertstho the Frost Mage (level 14, -3/108 HPs)
             Began as a Gnoll Ice Elementalist on Oct 19, 2020.
             Was a High Priest of Sif Muna.
             Succumbed to barbed spike wounds
             ... on level 12 of the Dungeon.
             The game lasted 00:58:47 (25088 turns).

robertstho the Frost Mage (Gnoll Ice Elementalist) Turns: 25088, Time: 00:58:48

Health: -3/108     AC:  8    Str: 12    XL:     14   Next: 47%
Magic:  31/37      EV: 20    Int: 25    God:    Sif Muna [*****.]
Gold:   1336       SH:  0    Dex: 17    Spells: 18/33 levels left

rFire    . . .     SeeInvis .   e - +1 battleaxe (flame)
rCold    . . .     Faith    .   (shield currently unavailable)
rNeg     + + +     Spirit   .   a - +0 robe
rPois    .         Reflect  .   g - +0 hat {Int+3}
rElec    .         Harm     .   w - +0 cloak
rCorr    .         Rampage  .   J - +0 pair of gloves "Leasum" {rN++}
MR       +....                  h - +1 pair of boots
Stlth    +++++.....             (no amulet)
HPRegen  0.28/turn              E - ring "Jideneid" {+Inv rN+ Str+2}
MPRegen  0.25/turn              N - ring of magical power

@: barbed spikes, very slightly contaminated
A: distributed training, fangs 1, strong nose
a: Channel Magic, Forget Spell, Divine Exegesis, Renounce Religion, Evoke
Invisibility


You were on level 12 of the Dungeon.
You worshipped Sif Muna.
Sif Muna was extremely pleased with you.
You visited 3 branches of the dungeon, and saw 19 of its levels.
You also visited: Volcano.

You collected 1633 gold pieces.
You spent 297 gold pieces at shops.

Inventory:

Hand Weapons
 e - a +1 battleaxe of flaming (weapon)
 q - a +0 falchion of draining
 r - the +10 glaive of Terra Cotta {chaos, rF+ Str+3}
   (You found it on level 11 of the Dungeon)

   Each time it hits an enemy it has a different, random effect.
   It affects your strength (+3).
   It protects you from fire.
 F - a +0 great sword of protection
 Q - a +2 scimitar of flaming
Missiles
 k - 8 atropa-tipped darts (quivered)
 y - 3 silver javelins
 S - 8 curare-tipped darts
Armour
 a - a +0 robe (worn)
 g - a +0 hat of intelligence (worn)
 h - a +1 pair of boots (worn)
 w - a +0 cloak (worn)
 J - the +0 pair of gloves "Leasum" (worn) {rN++}
   (You found it in a volcano)

   It greatly protects you from negative energy.
 O - a +2 troll leather armour {Snorg}
 Y - +0 steam dragon scales
Magical Staves
 X - an uncursed staff of cold
Jewellery
 n - an uncursed ring of positive energy
 v - an uncursed ring of positive energy
 E - the ring "Jideneid" (left hand) {+Inv rN+ Str+2}
   (You found it on level 12 of the Dungeon)

   [ring of positive energy]

   It affects your strength (+2).
   It protects you from negative energy.
   It lets you turn invisible.
 N - a ring of magical power (right hand)
 T - a +4 ring of protection
 V - the ring "Upry" {rElec rC- rN+++ MR+}
   (You acquired it on level 6 of the Lair of Beasts)

   [ring of protection from magic]

   It makes you vulnerable to cold.
   It insulates you from electricity.
   It renders you almost immune to negative energy.
   It affects your resistance to hostile enchantments.
Wands
 b - a wand of iceblast (25)
 m - a wand of acid (16)
 U - a wand of digging (11)
Scrolls
 c - 7 scrolls of fog
 d - 11 scrolls of teleportation
 i - 5 scrolls of enchant armour
 j - 7 scrolls of magic mapping
 l - 10 scrolls of remove curse
 p - 3 scrolls of amnesia {unknown}
 t - 7 scrolls of fear {unknown}
 z - a scroll of immolation {unknown}
 A - 5 scrolls of enchant weapon {unknown}
 B - 3 scrolls of summoning
 D - 2 scrolls of silence {unknown}
 H - a scroll of blinking
Potions
 f - 4 potions of curing
 o - 3 potions of haste
 s - 6 potions of flight
 u - 2 potions of might
 C - 3 potions of stabbing
 G - 2 potions of ambrosia
 I - 4 potions of resistance
 K - 3 potions of brilliance
 L - 5 potions of lignification
 M - a potion of cancellation {unknown}
 P - a potion of berserk rage
 W - 2 potions of magic
 Z - a potion of mutation


   Skills:
 + Level 9.2 Fighting
 + Level 9.2 Short Blades
 + Level 9.2 Long Blades
 + Level 9.2 Axes
 + Level 9.2 Maces & Flails
 + Level 9.2 Polearms
 + Level 9.2 Staves
 + Level 9.2 Slings
 + Level 9.2 Bows
 + Level 9.2 Crossbows
 + Level 9.2 Throwing
 + Level 9.2 Armour
 + Level 10.3 Dodging
 + Level 10.1 Stealth
 + Level 9.2 Shields
 + Level 9.2 Unarmed Combat
 + Level 10.4 Spellcasting
 + Level 7.7 Conjurations
 + Level 7.7 Hexes
 + Level 7.7 Summonings
 + Level 7.7 Necromancy
 + Level 7.7 Translocations
 + Level 7.7 Transmutations
 + Level 7.7 Fire Magic
 + Level 10.4 Ice Magic
 + Level 7.7 Air Magic
 + Level 7.7 Earth Magic
 + Level 7.7 Poison Magic
 + Level 10.0 Invocations
 + Level 9.2 Evocations


You had 18 spell levels left.
You knew the following spells:

 Your Spells              Type           Power        Failure   Level
a - Freeze                Ice            ####         1%          1
b - Frozen Ramparts       Ice            ######       1%          3
c - Ozocubu's Armour      Ice            ######..     1%          3
d - Hailstorm             Conj/Ice       ######..     1%          4
e - Summon Ice Beast      Ice/Summ       ######..     1%          4

Your spell library contained the following spells:

 Spells                   Type           Power        Failure   Level
 Animate Skeleton         Necr           ######       1%          1
 Apportation              Tloc           ######       1%          1
 Corona                   Hex            ######.      1%          1
 Pain                     Necr           ####         1%          1
 Sandblast                Erth           ######       1%          1
 Shock                    Conj/Air       ####         1%          1
 Summon Small Mammal      Summ           ####         1%          1
 Corpse Rot               Necr/Air       N/A          1%          2
 Passwall                 Tmut/Erth      ######..     1%          2
 Searing Ray              Conj           ######       1%          2
 Sublimation of Blood     Necr           ######....   1%          2
 Swiftness                Air            ######..     1%          2
 Static Discharge         Conj/Air       ######..     1%          3
 Stone Arrow              Conj/Erth      ######       1%          3
 Vampiric Draining        Necr           ######....   1%          3
 Airstrike                Air            ######....   1%          4
 Animate Dead             Necr           ######....   1%          4
 Dispel Undead            Necr           ######..     1%          4
 Iskenderun's Mystic Bla  Conj/Tloc      ######..     1%          4
 Petrify                  Tmut/Erth      ######..     1%          4
 Agony                    Necr           ######..     5%          5
 Bolt of Magma            Conj/Fire/Erth ######....   5%          5
 Excruciating Wounds      Necr           ######....   5%          5
 Iskenderun's Battlesphe  Conj           ######..     5%          5
 Lee's Rapid Deconstruct  Erth           ######....   5%          5
 Lightning Bolt           Conj/Air       ######....   5%          5
 Iron Shot                Conj/Erth      ######....   30%         6
 Starburst                Conj/Fire      ######....   30%         6
 Orb of Destruction       Conj           ######....   86%         7
 Spellforged Servitor     Conj/Summ      ######....   86%         7
 Chain Lightning          Conj/Air       ######....   100%        8
 Fire Storm               Conj/Fire      ######....   100%        9


Dungeon Overview and Level Annotations

Branches:
Dungeon (12/15)            Temple (1/1) D:6            Lair (6/6) D:8
  Swamp (0/4) Lair:4        Snake (0/4) Lair:2        Slime (0/5) Lair:5
    Orc (0/2) D:12        Volcano (visited)

Altars:
Ashenzari
Cheibriados
Dithmenos
Elyvilon
Fedhas
Gozag
Hepliaklqana
Kikubaaqudgha
Makhleb
Nemelex Xobeh
Okawaru
Qazlal
Ru
Sif Muna
Trog
Uskayaw
Vehumet
Wu Jian
Xom
Yredelemnul
Zin
The Shining One

Shops:
D:7 =   D:8 ((}![*   D:11 *   D:12 ([*[

Portals:
Gauntlet: D:12

Annotations:
D:8 550 experience potion 533 hat morning star / flail
D:12 3 runed translucent doors


Innate Abilities, Weirdness & Mutations

Your experience applies equally to all skills.
You have very sharp teeth.
Your uncanny sense of smell can sniff out nearby items.


Message History

The wall freezes the manticore.
The wall freezes the worker ant.
A cyclops comes into view.
The wall freezes the bullfrog.
The bullfrog seems to slow down.
Press: ? - help, Dir - move target cursor
As you read the scroll of blinking, it crumbles to dust.
The wind drake begins repelling missiles!
The wall freezes the worker ant!
The boulder beetle completely misses you.
The boulder beetle stops rolling and uncurls.
Found a shortbow, 17 gold pieces and 26 stones.
Found a gate leading to a gauntlet.
Found a staircase to the Orcish Mines.
Press: ? - help, Dir - move target cursor
As you read the scroll of blinking, it crumbles to dust.
The barbs in your skin will harm you if you move.
Continue?
The wind drake flaps its wings at you. The air twists around and strikes you!!
* * * LOW HITPOINT WARNING * * *
The frozen ramparts melt away.
The barbed spikes dig painfully into your body as you move.
You die...

*,,,,,,,,,,,,,* *,,,,,,
********#.....#*******,,,*,
#.....#,,,,,**,,,,,
#.....#,,,,,,,,,,*,
#.....#,,,,,,,,,*,,
***######..>..#.......,,,*,
*,,...........#.........#,,
*,,...........#.........,*,
*,,.......@........°..○.*,.
*,,...............°k°°[,*#.
*,,.........(...$k.##F.,#..
***######...)B.)..#.#H##..#
*,,,,,.......D...###.#..#*
*<,,,,..........B.B.Y..##
*,,,,,...........###.#..##
*,,,,..#.........#.#.##..#
*,,,,,,####.......##.c.#..


You could see a boulder beetle, a seven-headed hydra, a wind drake (repels
missiles) and a worker ant.

Vanquished Creatures
  Gastronok (Lair:2)
  Snorg (Lair:6)
  A hydra (D:9)
  3 two-headed ogres
  Urug (D:11)
  A fire crab (Volcano)
  Nergalle (Lair:1)
  2 necromancers
  A lindwurm (Volcano)
  An ugly thing (D:11)
  10 elephants
  2 black mambas
  2 molten gargoyles (Volcano)
  8 cane toads
  A nameless horror (D:5)
  3 komodo dragons
  An efreet (D:9)
  A troll (D:9)
  4 hornets (Lair:6)
  7 blink frogs
  11 dream sheep (Lair:4)
  5 spriggans (Lair:6)
  A wraith (D:10)
  A shadow (D:11)
  3 wyverns
  4 fire bats (Volcano)
  26 yaks
  3 basilisks
  2 nagas (Lair:2)
  3 hell hounds (Volcano)
  8 water moccasins
  4 orc warriors
  2 eyes of draining
  4 ice beasts
  A sky beast (D:9)
  A necrophage (D:9)
  3 ogres
  A phantom (D:5)
  A black bear (Lair:2)
  6 centaurs
  9 wolves
  A big kobold (D:9)
  12 bullfrogs
  A gnoll sergeant (D:7)
  5 scorpions
  3 killer bees (D:9)
  2 howler monkeys
  6 wights
  4 jellies
  2 quasits
  2 centaur skeletons
  8 hounds
  6 orc wizards
  A bullfrog skeleton (D:5)
  6 iguanas
  Terence (D:3)
  6 worker ants
  A polar bear simulacrum (Lair:5)
  12 gnolls
  12 adders
  A white imp (D:5)
  An ufetubus (D:8)
  3 adder skeletons
  A worm (D:6)
  3 dart slugs
  2 leopard geckos
  20 orcs
  A ball python (D:1)
  6 bats
  4 giant cockroaches
  9 goblins
  7 hobgoblins
  6 jackals
  3 kobolds
  6 quokkas
  4 frilled lizards
  2 rats (D:3)
  A spectral orc (D:9)
  A plant (Lair:1)
323 creatures vanquished.

Vanquished Creatures (collateral kills)
  An ogre mage (D:12)
  Harold (D:8)
  2 hydras (Lair:2)
  A boulder beetle (Lair:5)
  2 two-headed ogres (D:8)
  Sonja (D:10)
  An ugly thing (D:9)
  An oklob plant (Lair:1)
  3 slime creatures (D:12)
  3 elephants
  4 black mambas
  3 rime drakes
  4 cane toads
  Maggie (Lair:2)
  2 komodo dragons
  A polar bear (Lair:6)
  4 trolls
  8 blink frogs
  2 hornets (Lair:6)
  8 dream sheep (Lair:4)
  8 spriggans (Lair:6)
  2 wraiths (D:9)
  A nameless horror (D:8)
  20 yaks
  A wyvern (D:10)
  A fire bat (Volcano)
  3 basilisks
  4 vampire mosquitoes (Lair:4)
  2 nagas (Lair:2)
  6 water moccasins
  2 ice beasts
  9 black bears
  3 ogres
  2 phantoms
  A necrophage (D:11)
  12 wolves (Lair:6)
  3 boggarts (Lair:6)
  3 centaurs
  5 bullfrogs
  A gnoll sergeant (D:8)
  6 wights
  3 electric eels
  7 lava snakes (Volcano)
  2 hounds
  A jelly (D:10)
  3 orc priests
  An orc wizard (D:9)
  A bullfrog skeleton (D:7)
  An iguana (D:11)
  A worker ant (D:10)
  2 polar bear simulacra (Lair:5)
  2 yak simulacra (Lair:5)
  A wolf simulacrum (Lair:5)
  A worker ant zombie (D:6)
  4 gnolls
  An adder (D:11)
  2 white imps
  A worm (D:6)
  7 orcs
  3 jackals (D:7)
  A jackal zombie (D:8)
  A leopard gecko zombie (D:5)
  A quokka skeleton (D:7)
  5 river rat simulacra (Lair:5)
200 creatures vanquished.

Vanquished Creatures (others)
  A worker ant (D:4)
  29 fungi
  46 plants
76 creatures vanquished.

Grand Total: 599 creatures vanquished

Notes
Turn   | Place    | Note
-------+----------+-------------------------------------------
     0 | D:1      | robertstho the Gnoll Ice Elementalist began the quest for
                  | the Orb.
     0 | D:1      | Reached XP level 1. HP: 13/13 MP: 6/6
    58 | D:1      | Reached XP level 2. HP: 9/19 MP: 0/7
  1066 | D:2      | Reached XP level 3. HP: 22/25 MP: 1/9
  1067 | D:2      | Reached skill level 5 in Spellcasting
  1328 | D:2      | Reached skill level 1 in Invocations
  1513 | D:2      | Reached skill level 1 in Fighting
  1513 | D:2      | Reached skill level 1 in Short Blades
  1513 | D:2      | Reached skill level 1 in Long Blades
  1513 | D:2      | Reached skill level 1 in Axes
  1513 | D:2      | Reached skill level 1 in Maces & Flails
  1513 | D:2      | Reached skill level 1 in Polearms
  1513 | D:2      | Reached skill level 1 in Staves
  1513 | D:2      | Reached skill level 1 in Slings
  1513 | D:2      | Reached skill level 1 in Bows
  1513 | D:2      | Reached skill level 1 in Crossbows
  1513 | D:2      | Reached skill level 1 in Throwing
  1513 | D:2      | Reached skill level 1 in Armour
  1513 | D:2      | Reached skill level 1 in Shields
  1513 | D:2      | Reached skill level 1 in Unarmed Combat
  1513 | D:2      | Reached skill level 1 in Evocations
  1759 | D:3      | Reached XP level 4. HP: 32/32 MP: 8/11
  1870 | D:3      | Learned a level 3 spell: Frozen Ramparts
  1874 | D:3      | Learned a level 3 spell: Ozocubu's Armour
  1896 | D:3      | Found a white marble altar of Elyvilon.
  1999 | D:3      | Reached skill level 1 in Conjurations
  1999 | D:3      | Reached skill level 1 in Hexes
  1999 | D:3      | Reached skill level 1 in Summonings
  1999 | D:3      | Reached skill level 1 in Necromancy
  1999 | D:3      | Reached skill level 1 in Translocations
  1999 | D:3      | Reached skill level 1 in Transmutations
  1999 | D:3      | Reached skill level 1 in Fire Magic
  1999 | D:3      | Reached skill level 1 in Air Magic
  1999 | D:3      | Reached skill level 1 in Earth Magic
  1999 | D:3      | Reached skill level 1 in Poison Magic
  1999 | D:3      | Reached XP level 5. HP: 13/37 MP: 7/12
  2281 | D:3      | Found a shadowy altar of Dithmenos.
  2379 | D:3      | Noticed Terence
  2385 | D:3      | Killed Terence
  2454 | D:3      | Found a burning altar of Makhleb.
  2685 | D:4      | Noticed an ogre
  2703 | D:4      | Killed an ogre
  2703 | D:4      | Reached XP level 6. HP: 44/44 MP: 9/14
  2714 | D:4      | Learned a level 4 spell: Hailstorm
  2719 | D:4      | Learned a level 4 spell: Summon Ice Beast
  2747 | D:4      | Found a shimmering altar of Xom.
  2947 | D:4      | Reached skill level 5 in Dodging
  3003 | D:4      | Found an ancient bone altar of Kikubaaqudgha.
  3353 | D:4      | Reached XP level 7. HP: 47/50 MP: 15/15
  3433 | D:5      | Entered Level 5 of the Dungeon
  3537 | D:5      | Noticed a nameless horror
  3547 | D:5      | Killed a nameless horror
  3921 | D:5      | Reached skill level 5 in Stealth
  4197 | D:5      | Reached XP level 8. HP: 57/57 MP: 13/16
  4478 | D:6      | Found a staircase to the Ecumenical Temple.
  4485 | Temple   | Entered the Ecumenical Temple
  4605 | Temple   | Became a worshipper of Sif Muna the Loreminder
  4758 | D:6      | Noticed a troll
  4767 | D:6      | Killed a troll
  4867 | D:6      | Found a hide-covered altar of Uskayaw.
  6425 | D:7      | Reached XP level 9. HP: 65/65 MP: 13/18
  6561 | D:7      | Reached * piety under Sif Muna
  7087 | D:7      | Found Hegos's Jewellery Shop.
  7246 | D:8      | Found a sacrificial altar of Ru.
  7247 | D:8      | Noticed Harold
  7250 | D:8      | Found Cheibriados's Comfort Zone.
  7250 | D:8      | Found a snail-covered altar of Cheibriados.
  7450 | D:8      | Found Effos's Distillery.
  7553 | D:8      | Found a staircase to the Lair.
  7553 | D:8      | Noticed an elephant
  7565 | D:8      | Noticed a nameless horror
  7578 | D:8      | Killed a nameless horror
  7581 | D:8      | Reached skill level 5 in Invocations
  7586 | D:8      | Killed an elephant
  7596 | D:8      | Reached XP level 10. HP: 43/73 MP: 16/20
  7766 | D:8      | Noticed a two-headed ogre
  7781 | D:8      | Killed a two-headed ogre
  7781 | D:8      | Reached skill level 5 in Fighting
  7781 | D:8      | Reached skill level 5 in Short Blades
  7781 | D:8      | Reached skill level 5 in Long Blades
  7781 | D:8      | Reached skill level 5 in Axes
  7781 | D:8      | Reached skill level 5 in Maces & Flails
  7781 | D:8      | Reached skill level 5 in Polearms
  7781 | D:8      | Reached skill level 5 in Staves
  7781 | D:8      | Reached skill level 5 in Slings
  7781 | D:8      | Reached skill level 5 in Bows
  7781 | D:8      | Reached skill level 5 in Crossbows
  7781 | D:8      | Reached skill level 5 in Throwing
  7781 | D:8      | Reached skill level 5 in Armour
  7781 | D:8      | Reached skill level 5 in Shields
  7781 | D:8      | Reached skill level 5 in Unarmed Combat
  7781 | D:8      | Reached skill level 5 in Evocations
  7867 | D:8      | Bought a potion of brilliance for 44 gold pieces
  7867 | D:8      | Bought a potion of heal wounds for 55 gold pieces
  7867 | D:8      | Bought a potion of lignification for 33 gold pieces
  7867 | D:8      | Bought a potion of heal wounds for 55 gold pieces
  7867 | D:8      | Bought a potion of heal wounds for 55 gold pieces
  7867 | D:8      | Bought a potion of heal wounds for 55 gold pieces
  7904 | D:8      | Noticed a two-headed ogre
  7920 | D:8      | Killed a two-headed ogre
  8140 | D:8      | Killed Harold
  8439 | D:8      | Found Ceosmene's Assorted Antiques.
  8782 | D:8      | Found Xilas's Gadget Boutique.
  8850 | D:8      | Found Peniu's Antique Weapon Boutique.
  9046 | D:8      | Found Rilosuj's Antique Weapon Shop.
  9126 | D:9      | Reached ** piety under Sif Muna
  9478 | D:9      | Noticed a five-headed hydra
  9484 | D:9      | Killed a five-headed hydra
  9671 | D:9      | Reached XP level 11. HP: 81/81 MP: 19/22
  9702 | D:9      | Noticed a cyan ugly thing
  9716 | D:9      | Killed a cyan ugly thing
  9956 | D:9      | Noticed a two-headed ogre
  9969 | D:9      | Killed a two-headed ogre
  9969 | D:9      | Reached skill level 5 in Conjurations
  9969 | D:9      | Reached skill level 5 in Hexes
  9969 | D:9      | Reached skill level 5 in Summonings
  9969 | D:9      | Reached skill level 5 in Necromancy
  9969 | D:9      | Reached skill level 5 in Translocations
  9969 | D:9      | Reached skill level 5 in Transmutations
  9969 | D:9      | Reached skill level 5 in Fire Magic
  9969 | D:9      | Reached skill level 5 in Air Magic
  9969 | D:9      | Reached skill level 5 in Earth Magic
  9969 | D:9      | Reached skill level 5 in Poison Magic
 10075 | D:9      | Noticed a two-headed ogre
 10082 | D:9      | Killed a two-headed ogre
 10402 | D:9      | Found an iron altar of Okawaru.
 10523 | D:9      | Found a basalt altar of Yredelemnul.
 11051 | D:10     | Entered Level 10 of the Dungeon
 11421 | D:10     | Noticed Sonja
 11430 | D:10     | Reached *** piety under Sif Muna
 11459 | D:10     | Killed Sonja
 12703 | D:11     | Noticed a purple ugly thing
 12707 | D:11     | Noticed Urug
 12711 | D:11     | Killed a brown ugly thing
 12726 | D:11     | Killed Urug
 12726 | D:11     | Reached XP level 12. HP: 64/89 MP: 16/24
 13213 | D:11     | Found Odisirol's Assorted Antiques.
 13239 | D:11     | Got a translucent glaive
 13239 | D:11     | Identified the +10 glaive of Terra Cotta {chaos, rF+ Str+3}
                  | (You found it on level 11 of the Dungeon)
 13452 | D:11     | Noticed a two-headed ogre
 13463 | D:11     | Killed a two-headed ogre
 13553 | Lair:1   | Entered Level 1 of the Lair of Beasts
 13832 | Lair:1   | Noticed Nergalle
 13857 | Lair:1   | Killed Nergalle
 14796 | Lair:2   | Noticed Maggie
 14815 | Lair:2   | Killed Maggie
 14864 | Lair:2   | Noticed Gastronok
 14879 | Lair:2   | Killed Gastronok
 14937 | Lair:2   | Found a dark tunnel.
 14960 | Volcano  | Entered a volcano
 15314 | Volcano  | Reached **** piety under Sif Muna
 15476 | Volcano  | Found a bloodstained altar of Trog.
 15676 | Volcano  | Got a pair of glimmering gloves
 15686 | Volcano  | Identified the +0 pair of gloves "Leasum" {rN++} (You found
                  | it in a volcano)
 16160 | Lair:2   | Noticed an eight-headed hydra
 16181 | Lair:2   | Killed an eight-headed hydra
 16813 | Lair:2   | Reached XP level 13. HP: 98/98 MP: 20/26
 17160 | Lair:2   | Found a staircase to the Snake Pit.
 18321 | Lair:3   | You fall into a shaft and drop 3 floors!
 18321 | Lair:6   | Entered Level 6 of the Lair of Beasts
 18637 | Lair:5   | Found a staircase to the Slime Pits.
 18699 | Lair:5   | Reached ***** piety under Sif Muna
 18786 | Lair:5   | Reached skill level 10 in Ice Magic
 19014 | Lair:5   | Identified Sif Muna's Almanac of Arcane Weapons (Sif Muna
                  | gifted it to you on level 5 of the Lair of Beasts)
 19014 | Lair:5   | Received a gift from Sif Muna
 19551 | Lair:4   | Found a staircase to the Swamp.
 19558 | Lair:4   | You fall into a shaft and drop 2 floors!
 19614 | Lair:6   | Identified a scroll of acquirement
 19615 | Lair:6   | Acquired the ring "Upry" {rElec rC- rN+++ MR+}
 19822 | Lair:6   | Noticed Snorg
 19834 | Lair:6   | Killed Snorg
 19926 | Lair:6   | Reached skill level 10 in Spellcasting
 20010 | Lair:6   | Paralysed by a hornet for 3 turns
 21121 | Lair:6   | Reached XP level 14. HP: 88/106 MP: 22/28
 21542 | Lair:6   | Reached skill level 10 in Dodging
 23111 | Lair:4   | Received a gift from Sif Muna
 23811 | Lair:4   | Reached skill level 10 in Stealth
 24846 | D:12     | Reached skill level 10 in Invocations
 24944 | D:12     | Found Iqaeril's Antique Weapon Shoppe.
 24974 | D:12     | Found Kibuim's Armour Boutique.
 24982 | D:12     | Found a runed translucent door.
 24986 | D:12     | Found a runed translucent door.
 24986 | D:12     | Found a runed translucent door.
 25019 | D:12     | Found Saruumos's Assorted Antiques.
 25034 | D:12     | Found Vuphahu's Antique Armour Emporium.
 25070 | D:12     | Got a clouded turquoise ring
 25073 | D:12     | Identified the ring "Jideneid" {+Inv rN+ Str+2} (You found
                  | it on level 12 of the Dungeon)
 25085 | D:12     | Found a gate leading to a gauntlet.
 25085 | D:12     | Found a staircase to the Orcish Mines.
 25087 | D:12     | HP: 1/108 [wind drake (shapeshifter)/the air (20)]
 25088 | D:12     | Succumbed to barbed spike wounds

Illustrated notes

Levels and vault maps discovered:
D:1:      minmay_arrival_stair_chambers, layout_basic
D:2:      layout_basic, hex_tiny
D:3:      layout_basic, elyvilon_altar_3, grunt_dithmenos_smoke,
          makhleb_heckhound_becter, uniq_terence
D:4:      layout_gridville, xom_confusion_cloud, kiku_gazebo_garden_becter
D:5:      minmay_clustersquares, layout_cave_pools, grunt_ministairs_13
D:6:      layout_cave_pools, eat_drink_and_be_merry_uskayaw,
          minmay_temple_entry_arrows
D:7:      lemuel_upstairs_altar, layout_rooms, serial_shops, shop_fountains
D:8:      layout_loops_ring, lemuel_crystal_altar, david_lair_generic,
          serial_shops, nicolae_shop_overgrown_old_shop, shop,
          nicolae_shop_stone, shop, shop, st_stairs_8, minmay_shop_chei,
          uniq_harold
D:9:      hangedman_cross_cluster, layout_cave_pods,
          yredelemnul_forgotten_temple_becter, okawaru_altar_gauntlet_db
D:10:     layout_roguey, uniq_sonja
D:11:     layout_rooms, serial_shops, shop, uniq_urug
D:12:     minmay_the_grid_four_pointed_star_mashed
          [minmay_the_grid_triangle_9x9_fully_insulated_deathbox,
          minmay_the_grid_triangle_9x9_zippers_vertical,
          minmay_the_grid_triangle_9x9_warning,
          minmay_the_grid_triangle_9x9_thin_v,
          minmay_the_grid_prize_four_corners_diamond_a], layout_gridville,
          orc_0_dummy, gauntlet_entry_generic, serial_shops,
          nicolae_shop_overgrown_old_shop, shop, nicolae_shop_window_shopping,
          nicolae_shop_stone, shop, minivault_14
Temple:   nicolae_temple_god_jail
Lair:1:   layout_gridlike, lemuel_fruit_tree, grunt_megastairs_5,
          minmay_lair_oklob_chamber, uniq_nergalle
Lair:2:   layout_chaotic_city, minmay_snake_entry_guardpost_small,
          enter_volcano_1, serial_bayou_crossing, serial_bayou_shore_a,
          grunt_megastairs_3, uniq_gastronok, uniq_maggie
Lair:3:   layout_layer_cave
Lair:4:   layout_long_grid, minmay_swamp_entry_swarm
Lair:5:   layout_roguey, slime_dummy, eino_house_with_fridge
Lair:6:   minmay_lair_end_enchanted_forest, layout_small_grid, uniq_snorg

Skill      XL: |  1  2  3  4  5  6  7  8  9 10 11 12 13 14 |
---------------+-------------------------------------------+-----
Spellcasting   | 5 6 7 8 9 10 | 10.4
Invocations    | 1 2 3 4 5 6 7 8 9 10 | 10.0
Fighting       | 1 2 3 4 5 6 7 8 9 |  9.2
Short Blades   | 1 2 3 4 5 6 7 8 9 |  9.2
Long Blades    | 1 2 3 4 5 6 7 8 9 |  9.2
Axes           | 1 2 3 4 5 6 7 8 9 |  9.2
Maces & Flails | 1 2 3 4 5 6 7 8 9 |  9.2
Polearms       | 1 2 3 4 5 6 7 8 9 |  9.2
Staves         | 1 2 3 4 5 6 7 8 9 |  9.2
Slings         | 1 2 3 4 5 6 7 8 9 |  9.2
Bows           | 1 2 3 4 5 6 7 8 9 |  9.2
Crossbows      | 1 2 3 4 5 6 7 8 9 |  9.2
Throwing       | 1 2 3 4 5 6 7 8 9 |  9.2
Armour         | 1 2 3 4 5 6 7 8 9 |  9.2
Shields        | 1 2 3 4 5 6 7 8 9 |  9.2
Unarmed Combat | 1 2 3 4 5 6 7 8 9 |  9.2
Evocations     | 1 2 3 4 5 6 7 8 9 |  9.2
Conjurations   | 1 2 3 4 5 6 7 |  7.7
Hexes          | 1 2 3 4 5 6 7 |  7.7
Summonings     | 1 2 3 4 5 6 7 |  7.7
Necromancy     | 1 2 3 4 5 6 7 |  7.7
Translocations | 1 2 3 4 5 6 7 |  7.7
Transmutations | 1 2 3 4 5 6 7 |  7.7
Fire Magic     | 1 2 3 4 5 6 7 |  7.7
Air Magic      | 1 2 3 4 5 6 7 |  7.7
Earth Magic    | 1 2 3 4 5 6 7 |  7.7
Poison Magic   | 1 2 3 4 5 6 7 |  7.7
Dodging        | 5 6 7 8 9 10 | 10.3
Stealth        | 5 6 7 8 9 10 | 10.1
Ice Magic      | 8 9 10 | 10.4

Action                   |  1- 3 |  4- 6 |  7- 9 | 10-12 | 13-15 || total
-------------------------+-------+-------+-------+-------+-------++-------
Melee: Unarmed           |    11 |       |       |     5 |       ||    16
       Hand axe          |    31 |     4 |       |       |       ||    35
       Bite              |     6 |     8 |     9 |    21 |    11 ||    55
       Falchion          |       |    54 |    59 |       |       ||   113
       Great sword       |       |       |    24 |    71 |       ||    95
       Glaive            |       |       |       |    28 |       ||    28
       Battleaxe         |       |       |       |    14 |   115 ||   129
       Staff             |       |       |       |     6 |       ||     6
 Cast: Freeze            |    32 |    12 |     3 |     7 |     1 ||    55
       Frozen Ramparts   |       |     7 |    37 |    74 |    55 ||   173
       Summon Ice Beast  |       |       |    37 |   157 |   191 ||   385
       Hailstorm         |       |       |       |       |     2 ||     2
Invok: Channel Magic     |       |       |     1 |     3 |     1 ||     5
  Use: Scroll            |       |     1 |     7 |     9 |    10 ||    27
       Potion            |       |       |       |     3 |     5 ||     8
 Stab: Sleeping          |     5 |     7 |     2 |     5 |     3 ||    22
       Confused          |       |     1 |       |       |       ||     1
       Distracted        |       |       |     1 |     4 |     1 ||     6
Armor: Robe              |    15 |    21 |    31 |    58 |    48 ||   173
Dodge: Dodged            |    78 |    56 |   102 |   209 |   243 ||   688
       Rpst.: Falchion   |       |    20 |    23 |       |       ||    43
       Great sword       |       |       |    14 |    33 |       ||    47

Table legend: (Time is in decaauts)
 A = Elapsed time spent in this place.
 B = Non-inter-level travel time spent in this place.
 C = Inter-level travel time spent in this place.
 D = Time resting spent in this place.
 E = Time spent auto-exploring this place.
 F = Levels seen in this place.
 G = Mean time per level.
                   A        B        C        D        E       F      G
               +--------+--------+--------+--------+--------+-----+--------+
         Total |  25281 |  24230 |   1051 |   1542 |  17844 |  20 | 1264.1 |
       Dungeon |  13872 |  13059 |    813 |    549 |   9873 |  12 | 1156.0 |
        Temple |    129 |    120 |      9 |      0 |    109 |   1 |  129.0 |
          Lair |  10158 |   9930 |    228 |    704 |   7442 |   6 | 1693.0 |
       Volcano |   1120 |   1120 |      0 |    289 |    420 |   1 | 1120.0 |
               +--------+--------+--------+--------+--------+-----+--------+

Top non-repeatable levels by time:
  Lair:6: 2526 daAuts
     D:9: 2024 daAuts
  Lair:2: 1810 daAuts
  Lair:4: 1733 daAuts
     D:8: 1700 daAuts
  Lair:5: 1654 daAuts
    D:10: 1534 daAuts
  Lair:1: 1270 daAuts
     D:5: 1211 daAuts
  Lair:3: 1164 daAuts
 Volcano: 1120 daAuts
     D:6: 1078 daAuts
     D:1: 1064 daAuts
     D:7: 1040 daAuts
    D:11: 995 daAuts
